 Dungeon Crawl Stone Soup version 0.21.1-1-g345015fe64 (webtiles) character file.

103660 Jannitor the Covert (level 16, -12/111 HPs)
             Began as a Halfling Hunter on June 25, 2018.
             Was a High Priest of Dithmenos.
             Mangled by an Ice Fiend (24 damage)
             ... in an ice cave.
             The game lasted 01:56:01 (43939 turns).

Jannitor the Covert (Halfling Hunter)              Turns: 43939, Time: 01:56:02

Health: -12/111    AC: 12    Str: 11    XL:     16   Next: 90%
Magic:  19/23      EV: 22    Int: 11    God:    Dithmenos [*****.]
Gold:   1225       SH:  0    Dex: 18    Spells: 0/21 levels left

rFire    + + .     SeeInvis .   b - +8 rapier of Cheibriados {pierce, rPois rF+}
rCold    + . .     Gourm    .   (shield restricted)
rNeg     + + .     Faith    +   Z - +3 leather armour of the Bells {rElec}
rPois    +         Spirit   .   A - +0 helmet
rElec    +         Reflect  .   (no cloak)
rCorr    .         Harm     .   x - +2 pair of gloves
MR       ++...                  H - +0 pair of boots {Stlth+}
Stlth    ++++++++++             m - amulet of faith
HPRegen  0.28/turn              w - ring "Goerch" {rF+ rC+ rN++ Str-4}
MPRegen  0.18/turn              T - ring of protection from magic

@: wreathed by umbra
A: small, mutation resistance 1
a: Shadow Step, Shadow Form, Renounce Religion


You were in an ice cave.
You worshipped Dithmenos.
Dithmenos was extremely pleased with you.
You were very hungry.

You visited 6 branches of the dungeon, and saw 27 of its levels.
You also visited: Labyrinth, Sewer and Ice Cave.

You collected 2552 gold pieces.
You spent 1327 gold pieces at shops.

Inventory:

Hand Weapons
 a - a +2 arbalest
 b - the +8 rapier of Cheibriados (weapon) {pierce, rPois rF+}
   (You acquired it on level 8 of the Dungeon)

   It inflicts extra damage upon your enemies.
   It protects you from fire.
   It protects you from poison.
 F - a +6 dagger of venom
 I - a +5 demon blade of electrocution
 Q - a +2 hand crossbow
Missiles
 d - 165 bolts
 y - a throwing net (quivered)
Armour
 c - a +3 leather armour of fire resistance
 x - a +2 pair of gloves (worn)
 A - a +0 helmet (worn)
 H - a +0 pair of boots of stealth (worn)
 Z - the +3 leather armour of the Bells (worn) {rElec}
   (You found it on level 2 of the Lair of Beasts)

   It insulates you from electricity.
Jewellery
 m - an amulet of faith (around neck)
 n - an uncursed ring of wizardry
 w - the ring "Goerch" (left hand) {rF+ rC+ rN++ Str-4}
   (You bought it in a shop on level 2 of the Orcish Mines)

   [ring of protection from cold]

   It affects your strength (-4).
   It protects you from fire.
   It protects you from cold.
   It greatly protects you from negative energy.
 D - an uncursed ring of see invisible
 K - the amulet "Miegiax" {Spirit rF- Int+9 Dex+3 Stlth+}
   (You found it on level 10 of the Dungeon)

   [amulet of guardian spirit]

   It causes incoming damage to be split between your health and magic.
   It affects your intelligence (+9).
   It affects your dexterity (+3).
   It makes you vulnerable to fire.
   It makes you more stealthy.
 P - an uncursed ring of positive energy
 T - a ring of protection from magic (right hand)
Wands
 k - a wand of disintegration (19)
 t - a wand of polymorph (37)
 C - a wand of scattershot (1)
 N - a wand of enslavement (5)
Scrolls
 e - a scroll of vulnerability
 h - a scroll of teleportation
 l - 12 scrolls of remove curse
 q - a scroll of magic mapping
 r - 3 scrolls of amnesia
 u - 2 scrolls of fear
 v - 4 scrolls of fog
 z - 5 scrolls of enchant armour
 J - a scroll of silence
 U - a scroll of identify
Potions
 g - 2 potions of ambrosia
 i - 2 potions of brilliance
 j - a potion of agility
 o - 4 potions of flight
 p - 4 potions of curing
 s - 2 potions of might {unknown}
 B - 4 potions of heal wounds
 E - 2 potions of resistance
 L - a potion of lignification
 R - a potion of magic
Books
 G - a book of Dreams

   Spells                             Type                      Level
   a - Ensorcelled Hibernation        Hexes/Ice                    2
   b - Borgnjor's Vile Clutch         Necromancy/Earth             5
   c - Silence                        Hexes/Air                    5
   d - Darkness                       Hexes                        6
   e - Shadow Creatures               Summoning                    6
 M - the Almanac of the Cankerous Traveller
   (You found it on level 1 of the Snake Pit)

   Spells                             Type                      Level
   a - Shroud of Golubria             Charms/Translocation         2
   b - Portal Projectile              Hexes/Translocation          3
   c - Olgreb's Toxic Radiance        Poison                       4
   d - Venom Bolt                     Conjuration/Poison           5
 O - a book of Misfortune

   Spells                             Type                      Level
   a - Confusing Touch                Hexes                        1
   b - Confuse                        Hexes                        3
   c - Gell's Gravitas                Translocation                3
   d - Petrify                        Transmutation/Earth          4
   e - Metabolic Englaciation         Hexes/Ice                    5
   f - Yara's Violent Unravelling     Hexes/Transmutation          5
 S - a book of Frost

   Spells                             Type                      Level
   a - Freeze                         Ice                          1
   b - Throw Frost                    Conjuration/Ice              2
   c - Ozocubu's Armour               Charms/Ice                   3
   d - Throw Icicle                   Conjuration/Ice              4
   e - Summon Ice Beast               Ice/Summoning                4
 Y - a book of Battle

   Spells                             Type                      Level
   a - Infusion                       Charms                       1
   b - Shroud of Golubria             Charms/Translocation         2
   c - Song of Slaying                Charms                       2
   d - Spectral Weapon                Hexes/Charms                 3
   e - Regeneration                   Charms/Necromancy            3
Comestibles
 f - 19 rations


   Skills:
 - Level 10.6 Fighting
 - Level 12.4 Short Blades
 + Level 11.2 Crossbows
 - Level 4.0 Armour
 - Level 10.0 Dodging
 - Level 14.1 Stealth
 - Level 3.0 Spellcasting
 + Level 8.2 Hexes
 - Level 8.1 Translocations
 + Level 2.2 Transmutations
 - Level 9.3 Invocations
 - Level 6.0 Evocations


You couldn't memorise any spells.
You knew the following spells:

 Your Spells              Type           Power        Failure   Level  Hunger
a - Apportation           Tloc           ###...       1%          1    #......
b - Gell's Gravitas       Tloc           ###.......   3%          3    ###....
c - Invisibility          Hex            ###.....     86%         6    #######
d - Blink                 Tloc           N/A          1%          2    ###....
e - Regeneration          Chrm/Necr      #.........   69%         3    ###....
f - Summon Butterflies    Summ           #.......     32%         1    #......
g - Yara's Violent Unrav  Hex/Tmut       ##........   73%         5    ######.


Dungeon Overview and Level Annotations

Branches:
Dungeon (15/15)            Temple (1/1) D:7            Lair (6/6) D:8
 Shoals (1/4) Lair:4        Snake (2/4) Lair:4        Slime (0/5) Lair:5
    Orc (2/2) D:12            Elf (0/3) Orc:2        Vaults (0/5) D:13
 Depths (0/5) D:15

Altars:
Ashenzari
Cheibriados
Dithmenos
Elyvilon
Fedhas
Gozag
Hepliaklqana
Kikubaaqudgha
Makhleb
Nemelex Xobeh
Okawaru
Qazlal
Ru
Trog
Uskayaw
Vehumet
Wu Jian
Xom
Yredelemnul
Zin
The Shining One
Beogh

Shops:
D:7 [   D:10 }   Orc:1 %   Orc:2 =*[((   Snake:1 %

Annotations:
D:6 exclusion: adder, Blork the orc, Grinder
D:8 exclusion: orange crystal statue
D:15 raetorn's ghost, adept VSBe
Orc:1 exclusion: oklob plant IceCv exclusions: 10 doors and 2 ice statues


Innate Abilities, Weirdness & Mutations

You are small and have problems with some larger weapons.
You are somewhat resistant to further mutation.


Message History

The Ice Fiend is almost dead.
The Ice Fiend gestures at you. The bolt of cold hits you! You resist.
You hit the Ice Fiend but do no damage.
The Ice Fiend is almost dead.
You hit the Ice Fiend but do no damage.
The Ice Fiend is almost dead.
The Ice Fiend claws you! The Ice Fiend freezes you!! You resist.
The Ice Fiend claws you! The Ice Fiend freezes you! You resist.
You hit the Ice Fiend but do no damage.
The Ice Fiend is almost dead.
Your shadow hits the Ice Fiend with a rapier.
The Ice Fiend claws you!
* * * LOW HITPOINT WARNING * * *
The Ice Fiend freezes you!! You resist.
* * * LOW HITPOINT WARNING * * *
The Ice Fiend claws you.
* * * LOW HITPOINT WARNING * * *
The Ice Fiend freezes you!! You resist.
You die...

+.# #.# ## #.## .#
#+#+#+#+#.8###### 4
+.......#.......#
######.8.8.8.#.#####.#
#............#.#?)?#.##
'............'.#1⌠?'..#
#............#.#@?[#.##
######.8.8.8.#.#####.#
4+ +.......#.. ..# 4#
#+#+#+#+#.8# #### ##
#.## #.# .#


You could see an Ice Fiend.

Vanquished Creatures
  An ettin (D:15)
  A merfolk impaler (Shoals:1)
  A fire dragon (Lair:6)
  A minotaur (Lab)
  Josephine (Lair:4)
  6 hydras
  An ice dragon (Shoals:1)
  A catoblepas (D:14)
  2 anacondas (Snake:1)
  An ogre mage (D:15)
  5 centaur warriors
  12 death yaks
  6 two-headed ogres
  4 orc high priests (Orc:2)
  A tengu warrior (D:14)
  2 naga sharpshooters (Snake:1)
  A swamp dragon (Lair:6)
  2 deep trolls
  2 unseen horrors
  A sea snake (Shoals:1)
  A naga ritualist (Snake:1)
  A deep elf archer (D:15)
  3 mana vipers
  An ugly thing (D:12)
  4 manticores
  7 orc knights
  5 orc sorcerers (Orc:2)
  2 salamanders (Snake:1)
  9 cyclopes
  13 black mambas
  6 elephants
  An ice statue (IceCv)
  5 naga magi
  A centaur zombie (D:14)
  2 merfolk sirens (Shoals:1)
  A torpor snail (Lair:4)
  7 spiny frogs
  3 centaur skeletons
  2 gargoyles
  A yaktaur (D:15)
  4 komodo dragons
  5 rime drakes
  4 ice devils (IceCv)
  2 kobold demonologists (D:15)
  A polar bear (Lair:5)
  A tengu conjurer (D:14)
  11 trolls
  A merfolk (Shoals:1)
  A jumping spider (shapeshifter) (D:13)
  Prince Ribbit (D:6)
  A dream sheep (shapeshifter) (D:13)
  3 hornets
  8 hippogriffs
  19 blink frogs
  6 slime creatures
  6 dream sheep (Lair:4)
  2 shadows
  A vampire (D:11)
  3 wyverns
  8 wraiths
  44 yaks
  4 steam dragons
  4 hungry ghosts
  4 basilisks
  4 wargs
  16 nagas
  6 porcupines
  9 water moccasins
  37 orc warriors
  A swamp drake (Lair:6)
  2 black bears
  6 ice beasts
  A sky beast (D:8)
  An eye of draining (D:14)
  A hornet zombie (D:7)
  2 phantoms (D:12)
  13 ogres
  2 necrophages
  16 wolves
  16 centaurs
  14 crocodiles
  3 big kobolds
  A wyvern zombie (D:14)
  16 bullfrogs
  A wyvern skeleton (D:14)
  7 scorpions
  A water moccasin skeleton (D:7)
  12 killer bees
  11 wights
  3 howler monkeys
  8 crimson imps
  7 hounds
  2 bullfrog zombies
  2 quasits
  6 jellies
  22 orc priests
  Ijyb (D:5)
  9 iguanas
  24 orc wizards
  3 worker ants
  7 hell rats
  5 ogre zombies (D:12)
  A hound zombie (D:5)
  A howler monkey zombie (D:7)
  A howler monkey skeleton (D:11)
  16 adders
  11 gnolls
  4 river rats
  6 shadow imps
  7 oozes
  An adder zombie (D:5)
  3 worms
  A dart slug (D:4)
  2 leopard geckos
  81 orcs
  6 bat zombies (D:7)
  5 giant cockroaches
  7 goblins
  3 hobgoblins
  14 jackals
  4 quokkas
  2 ball pythons (D:5)
  5 bats
  A frilled lizard (D:5)
  3 goblin zombies (D:12)
  2 hobgoblin skeletons (D:12)
  3 hobgoblin zombies (D:12)
  21 kobolds
  3 orc skeletons (D:12)
  8 orc zombies (D:12)
  A quokka zombie (D:3)
  11 rats
  2 rat zombies (D:7)
  A butterfly (Lair:5)
  A plant (Lair:5)
  A withered plant (D:6)
808 creatures vanquished.

Vanquished Creatures (collateral kills)
  A naga mage (Snake:2)
  3 yaks (Lair:3)
4 creatures vanquished.

Vanquished Creatures (others)
  Asterion (Snake:1)
  2 anacondas (Snake:2)
  2 yaks
  An iguana (Lair:6)
  An orc wizard (Orc:1)
  A bush (Lair:6)
  25 fungi
  25 plants
58 creatures vanquished.

Grand Total: 870 creatures vanquished

Notes
Turn   | Place    | Note
-------+----------+-------------------------------------------
     0 | D:1      | Jannitor the Halfling Hunter began the quest for the Orb.
     0 | D:1      | Reached XP level 1. HP: 14/14 MP: 1/1
   390 | D:1      | Reached XP level 2. HP: 13/19 MP: 2/2
  1010 | D:2      | Reached skill level 1 in Short Blades
  1101 | D:2      | Found a sparkling altar of Nemelex Xobeh.
  1139 | D:2      | Reached XP level 3. HP: 24/24 MP: 3/3
  1140 | D:2      | Reached skill level 2 in Stealth
  1363 | D:2      | Reached XP level 4. HP: 29/30 MP: 4/4
  1657 | D:2      | Found a stormy altar of Qazlal.
  1805 | D:3      | Reached skill level 5 in Crossbows
  1831 | D:3      | Found a shadowy altar of Dithmenos.
  1850 | D:3      | Reached XP level 5. HP: 21/35 MP: 5/5
  1896 | D:3      | Became a worshipper of Dithmenos the Shadowed
  1940 | D:3      | Found a glowing drain.
  2023 | Sewer    | Entered a sewer
  2347 | Sewer    | Noticed a big kobold
  2400 | Sewer    | Killed a big kobold
  2400 | Sewer    | Reached skill level 3 in Stealth
  2400 | Sewer    | Reached XP level 6. HP: 29/42 MP: 6/6
  2440 | Sewer    | Found a white marble altar of Elyvilon.
  3020 | D:3      | Reached * piety under Dithmenos
  3486 | D:4      | Got a crude leather armour
  4001 | D:4      | Reached skill level 4 in Stealth
  4001 | D:4      | Reached XP level 7. HP: 27/46 MP: 7/7
  4326 | D:5      | Entered Level 5 of the Dungeon
  4519 | D:5      | Found a shattered altar of Ashenzari.
  4534 | D:5      | Reached skill level 5 in Stealth
  4534 | D:5      | Reached XP level 8. HP: 17/54 MP: 8/8
  5042 | D:5      | Reached skill level 5 in Short Blades
  5257 | D:5      | Noticed Ijyb
  5261 | D:5      | Killed Ijyb
  5504 | D:5      | Reached ** piety under Dithmenos
  6004 | D:5      | Reached skill level 6 in Stealth
  6111 | D:5      | Found a glowing silver altar of Zin.
  6331 | D:6      | Reached skill level 5 in Fighting
  6331 | D:6      | Reached XP level 9. HP: 21/61 MP: 9/9
  6600 | D:6      | Noticed Grinder
  6750 | D:6      | Found Mannoluf's Book Shoppe.
  6758 | D:6      | Found a burning altar of Makhleb.
  7056 | D:6      | Noticed Blork the orc
  7130 | D:6      | Found a basalt altar of Yredelemnul.
  7132 | D:6      | Noticed Prince Ribbit
  7150 | D:6      | Killed Prince Ribbit
  7368 | D:6      | Reached *** piety under Dithmenos
  7458 | D:6      | Found a radiant altar of Vehumet.
  8146 | D:7      | Found a staircase to the Ecumenical Temple.
  8155 | Temple   | Entered the Ecumenical Temple
  8284 | D:7      | Reached skill level 7 in Stealth
  8354 | D:7      | Found Foubia's Armour Shoppe.
  8362 | D:7      | Bought a cursed +0 pair of boots for 18 gold pieces
  8830 | D:7      | Reached **** piety under Dithmenos
  8848 | D:7      | Found an ancient bone altar of Kikubaaqudgha.
  8877 | D:7      | Noticed a hippogriff
  8889 | D:7      | Killed a hippogriff
  8889 | D:7      | Reached XP level 10. HP: 48/68 MP: 10/10
  9427 | D:7      | Reached skill level 5 in Dodging
  9680 | D:8      | Reached skill level 1 in Invocations
  9734 | D:8      | Identified a scroll of acquirement
  9737 | D:8      | Got a warped rapier
  9738 | D:8      | Identified the +8 rapier of Cheibriados {pierce, rPois rF+} (You acquired it on level 8 of the Dungeon)
  9826 | D:8      | Found a staircase to the Lair.
  9834 | D:8      | Reached skill level 8 in Stealth
  9914 | D:8      | Noticed an orange crystal statue
 11509 | D:10     | Entered Level 10 of the Dungeon
 11523 | D:10     | Noticed a two-headed ogre
 11525 | D:10     | Killed a two-headed ogre
 11525 | D:10     | Reached XP level 11. HP: 74/74 MP: 8/13
 11677 | D:10     | Reached skill level 9 in Stealth
 12127 | D:10     | Got a translucent tin amulet
 12128 | D:10     | Identified the +1 leather armour of Space {Int+5} (You found it on level 4 of the Dungeon)
 12152 | D:10     | Found Gewurupn's Gadget Shop.
 12169 | D:10     | Bought a wand of paralysis (8) for 130 gold pieces
 12870 | D:11     | Noticed a cyclops
 12888 | D:11     | Killed a cyclops
 12888 | D:11     | Reached skill level 1 in Evocations
 12976 | D:11     | Identified the amulet "Miegiax" {Spirit rF- Int+9 Dex+3 Stlth+} (You found it on level 10 of the Dungeon)
 13070 | D:11     | Noticed an unseen horror
 13083 | D:11     | Killed an unseen horror
 13203 | D:11     | Noticed a two-headed ogre
 13207 | D:11     | Killed a two-headed ogre
 13449 | D:11     | Noticed a manticore
 13463 | D:11     | Killed a manticore
 13463 | D:11     | Reached skill level 10 in Crossbows
 13463 | D:11     | Reached XP level 12. HP: 63/82 MP: 15/15
 13677 | D:11     | Reached skill level 10 in Stealth
 14583 | Lair:1   | Entered Level 1 of the Lair of Beasts
 14586 | Lair:1   | Reached skill level 10 in Short Blades
 14609 | Lair:1   | Noticed an eight-headed hydra
 14616 | Lair:1   | Killed an eight-headed hydra
 15566 | Lair:1   | Learned a level 1 spell: Apportation
 15570 | Lair:1   | Learned a level 3 spell: Gell's Gravitas
 15577 | Lair:1   | Learned a level 6 spell: Invisibility
 15654 | Lair:2   | Found a sparkling altar of Nemelex Xobeh.
 15718 | Lair:2   | Got a warped leather armour
 15729 | Lair:2   | Identified the +3 leather armour of the Bells {rElec} (You found it on level 2 of the Lair of Beasts)
 15867 | Lair:2   | Reached ***** piety under Dithmenos
 15880 | Lair:2   | Reached skill level 1 in Armour
 15894 | Lair:2   | Reached skill level 1 in Translocations
 15911 | Lair:2   | Reached skill level 1 in Hexes
 16287 | Lair:2   | You fall through a shaft!
 16482 | Lair:3   | Reached skill level 11 in Stealth
 16547 | Lair:3   | Noticed a four-headed hydra
 16549 | Lair:3   | Found a labyrinth entrance.
 16551 | Lair:3   | Killed a four-headed hydra
 16551 | Lair:3   | Reached skill level 5 in Evocations
 16551 | Lair:3   | Reached XP level 13. HP: 88/90 MP: 11/16
 16564 | Lab      | Entered a labyrinth
 16792 | Lab      | Noticed a minotaur
 16815 | Lab      | Killed a minotaur
 17832 | Lair:4   | Noticed a six-headed hydra
 17834 | Lair:4   | Killed a six-headed hydra
 18277 | Lair:4   | Found a staircase to the Snake Pit.
 18491 | Lair:4   | Found a staircase to the Shoals.
 20354 | Lair:4   | Noticed Josephine
 20475 | Lair:4   | Killed Josephine
 20854 | Lair:4   | Noticed an eight-headed hydra
 20860 | Lair:4   | Killed an eight-headed hydra
 20860 | Lair:4   | Reached skill level 1 in Spellcasting
 20860 | Lair:4   | Reached skill level 5 in Invocations
 21166 | Lair:4   | You fall through a shaft for 2 floors!
 21166 | Lair:6   | Entered Level 6 of the Lair of Beasts
 21169 | Lair:6   | Reached skill level 5 in Translocations
 21206 | Lair:6   | Learned a level 2 spell: Blink
 22003 | Lair:6   | Noticed a fire dragon
 22127 | Lair:6   | Reached skill level 12 in Stealth
 22150 | Lair:6   | Reached XP level 14. HP: 98/98 MP: 15/18
 23653 | Lair:5   | Found a staircase to the Slime Pits.
 24196 | D:12     | Found a staircase to the Orcish Mines.
 24494 | D:12     | Reached skill level 10 in Fighting
 25758 | Orc:1    | Entered Level 1 of the Orcish Mines
 25801 | Orc:1    | Found a roughly hewn altar of Beogh.
 26178 | D:12     | Learned a level 3 spell: Regeneration
 26284 | Orc:1    | Found Duddevve's Food Shop.
 27335 | Orc:2    | Entered Level 2 of the Orcish Mines
 27337 | Orc:2    | Reached skill level 5 in Hexes
 27462 | Orc:2    | Found Nefia's Weapon Shop.
 27463 | Orc:2    | Found a staircase to the Elven Halls.
 28168 | D:13     | Reached ****** piety under Dithmenos
 28292 | D:13     | Reached XP level 15. HP: 74/103 MP: 20/20
 28305 | D:13     | Learned a level 1 spell: Summon Butterflies
 28697 | D:13     | Found a gate to the Vaults.
 29200 | D:14     | Found a snail-covered altar of Cheibriados.
 29403 | D:14     | Reached skill level 13 in Stealth
 34153 | D:15     | Entered Level 15 of the Dungeon
 34197 | D:15     | Found a staircase to the Depths.
 34683 | D:15     | Reached skill level 10 in Dodging
 35061 | D:15     | Reached XP level 16. HP: 63/109 MP: 22/22
 36248 | D:15     | Noticed raetorn's ghost (adept VSBe)
 39917 | Orc:2    | Reached skill level 14 in Stealth
 40086 | Orc:2    | Found Wapteiga's Antique Armour Emporium.
 40087 | Orc:2    | Found Qabboir's Antique Weapon Emporium.
 40088 | Orc:2    | Found Noyrag's General Store.
 40088 | Orc:2    | Found Zaruseus's Jewellery Shoppe.
 40092 | Orc:2    | Bought a scroll of enchant weapon for 120 gold pieces
 40102 | Orc:2    | Bought a pair of runed boots for 255 gold pieces
 40114 | Orc:2    | Bought an ivory rapier for 270 gold pieces
 40114 | Orc:2    | Identified the +8 rapier of Kumoheu {flame, Str+3} (You bought it in a shop on level 2 of the Orcish Mines)
 40242 | Orc:2    | Bought the ring "Goerch" {rF+ rC+ rN++ Str-4} for 534 gold pieces
 40521 | Snake:1  | Entered Level 1 of the Snake Pit
 40529 | Snake:1  | Found Xaomn's Food Boutique.
 40803 | Snake:1  | Identified the Papyrus of Icy Attacks
 40936 | Snake:1  | Noticed Asterion
 40940 | Snake:1  | Killed Asterion
 41351 | Snake:1  | Learned a level 5 spell: Yara's Violent Unravelling
 41614 | Snake:1  | Identified the Almanac of the Cankerous Traveller
 42162 | Snake:1  | Reached skill level 1 in Transmutations
 43653 | Shoals:1 | Entered Level 1 of the Shoals
 43688 | Shoals:1 | Found a frozen archway.
 43769 | IceCv    | Entered an ice cave
 43934 | IceCv    | Noticed an Ice Fiend
 43939 | IceCv    | Mangled by an Ice Fiend

Skill      XL: |  1  2  3  4  5  6  7  8  9 10 11 12 13 14 15 16 |
---------------+-------------------------------------------------+-----
Fighting       | 2 3 4 5 6 7 8 9 10 | 10.6
Short Blades   | 1 2 3 4 5 7 8 9 10 11 12 | 12.4
Stealth        | 2 3 4 5 6 7 8 9 11 12 13 14 | 14.1
Crossbows      | 5 6 7 8 9 10 11 | 11.2
Dodging        | 3 4 6 7 8 10 | 10.0
Invocations    | 3 4 5 7 8 9 |  9.3
Evocations     | 2 5 6 |  6.0
Armour         | 2 4 |  4.0
Translocations | 2 5 7 8 |  8.1
Hexes          | 1 4 5 6 8 |  8.2
Spellcasting   | 1 3 |  3.0
Transmutations | 2 |  2.2

Action                   |  1- 3 |  4- 6 |  7- 9 | 10-12 | 13-15 | 16-18 || total
-------------------------+-------+-------+-------+-------+-------+-------++-------
Melee: Short sword       |    47 |   130 |    52 |       |       |       ||   229
       Dagger            |       |       |   222 |   555 |   471 |       ||  1248
       Rapier            |       |       |       |       |   915 |   470 ||  1385
       Demon blade       |       |       |       |       |       |     4 ||     4
 Fire: Hand crossbow     |    22 |    55 |   123 |    54 |   353 |       ||   607
       Blowgun           |       |     3 |       |       |     4 |       ||     7
       Arbalest          |       |       |       |       |     8 |   221 ||   229
Throw: Throwing net      |       |       |       |       |     1 |       ||     1
 Cast: Gell's Gravitas   |       |       |       |       |    10 |     3 ||    13
       Apportation       |       |       |       |       |     1 |       ||     1
       Blink             |       |       |       |       |    24 |    20 ||    44
       Summon Butterflie |       |       |       |       |     1 |       ||     1
Invok: Shadow Step       |       |       |       |     7 |     8 |     9 ||    24
Evoke: Wand              |       |       |     5 |    11 |    25 |    19 ||    60
  Use: Scroll            |       |     7 |     3 |    11 |    18 |     6 ||    45
       Potion            |       |     3 |     1 |     1 |     4 |     2 ||    11
 Stab: Sleeping          |     1 |     3 |    14 |    46 |    62 |    21 ||   147
       Paralysed         |       |       |       |       |     5 |       ||     5
       Distracted        |       |       |       |       |     4 |     5 ||     9
  Eat: Chunk             |     1 |     8 |     6 |    17 |    34 |     6 ||    72
       Ration            |       |       |     3 |     2 |     8 |     7 ||    20
Armor: Leather armour    |    13 |    24 |    28 |    39 |   143 |    46 ||   293
Dodge: Dodged            |    43 |   111 |   203 |   297 |   917 |   426 ||  1997
